 Dungeon Crawl Stone Soup version 0.29.1-13-g9f3cf754e1 (webtiles) character file.

Game seed: 5916343285134493732

6113 theswoord the Cruncher (level 10, 0/79 HPs)
             Began as a Demonspawn Gladiator on Jan 22, 2023.
             Was an Elder of Okawaru.
             Slain by a two-headed ogre
             ... wielding a +0 giant spiked club
              (12 damage)
             ... on level 9 of the Dungeon on Jan 23, 2023.
             The game lasted 00:18:48 (8433 turns).

theswoord the Cruncher (Demonspawn Gladiator)       Turns: 8433, Time: 00:18:48

Health: 0/79       AC: 15    Str: 21    XL:     10   Next: 58%
Magic:  0/10       EV:  6    Int:  7    God:    Okawaru [****..]
Gold:   665        SH:  0    Dex: 15    Spells: 9/9 levels left

rFire   . . .      SeeInvis .   t - +3 quarterstaff (chaos)
rCold   . . .      Faith    .   (shield currently unavailable)
rNeg    . . .      Spirit   +   E - +0 plate armour
rPois   .          Reflect  .   c - +0 helmet
rElec   .          Harm     .   s - +0 cloak
rCorr   .          Rampage  .   p - +0 pair of gloves
Will    .....                   (no boots)
Stlth   ..........              (no amulet)
HPRegen 0.23/turn               (no ring)
MPRegen 0.24/turn               (no ring)

@: slowed, very slow
A: magic shield, magic regeneration, magic link, sharp scales 2, talons 1, dopey
1, passive freeze, strong 1
a: Renounce Religion, Heroism, Finesse


You were on level 9 of the Dungeon.
You worshipped Okawaru.
Okawaru was greatly pleased with you.
You visited 2 branches of the dungeon, and saw 10 of its levels.

You collected 665 gold pieces.

Inventory:

Hand Weapons
 a - a +0 quarterstaff
 t - a +3 quarterstaff of chaos (weapon)
Missiles
 d - 2 throwing nets (quivered)
 e - a javelin
 f - 3 silver javelins
Armour
 b - a +0 leather armour
 c - a +0 helmet (worn)
 n - a +0 scale mail
 p - a +0 pair of gloves (worn)
 s - a +0 cloak (worn)
 E - a +0 plate armour (worn)
Jewellery
 g - an amulet of faith
 y - a ring of flight
Wands
 q - a wand of acid (10)
 C - a wand of digging (5)
Scrolls
 j - a scroll of poison
 m - 7 scrolls of teleportation
 o - 2 scrolls of immolation
 v - 3 scrolls of fog
 x - 3 scrolls of amnesia
 D - a scroll of enchant armour {unknown}
 F - 2 scrolls of enchant weapon
 G - a scroll of fear
Potions
 h - 2 potions of attraction
 i - a potion of flight
 k - 6 potions of curing
 l - 3 potions of mutation
 r - 3 potions of heal wounds
 u - a potion of invisibility {unknown}
 w - 3 potions of magic
 z - a potion of cancellation {unknown}
 A - 2 potions of might {unknown}
 B - 3 potions of degeneration


   Skills:
 + Level 7.0 Fighting
 * Level 13.5 Staves
 - Level 1.7 Throwing
 - Level 2.6 Dodging


You had 9 spell levels left.
You didn't know any spells.
Your spell library was empty.

Dungeon Overview and Level Annotations

Branches:
Dungeon (9/15)             Temple (1/1) D:5
   Lair: D:8-11         Orc: D:9-12

Altars:
Ashenzari
Cheibriados
Dithmenos
Gozag
Hepliaklqana
Kikubaaqudgha
Makhleb
Nemelex Xobeh
Okawaru
Qazlal
Ru
Sif Muna
Trog
Uskayaw
Vehumet
Wu Jian
Xom
Yredelemnul

Shops:
D:2 ??[:*   D:3 =   D:7 *


Innate Abilities, Weirdness & Mutations

When hurt, damage is shared between your health and your magic reserves.
You regenerate magic rapidly.
When low on magic, you restore magic in place of health.
You are mostly covered in razor-sharp scales. (AC +2, Slay +2)
You have sharp toenails.
You are dopey. (Int -2)
A frigid envelope surrounds you and freezes all who hurt you.
Your muscles are strong. (Str +4, Int/Dex -1)


Message History

The kobold brigand hits you with a +0 whip.
* * * LOW HITPOINT WARNING * * *
The kobold brigand is very cold.
The kobold brigand is severely wounded.
Things that are here:
a +0 short sword; a +0 dagger; 15 poisoned darts You feel sick.
You are no longer poisoned.
The kobold brigand throws a curare-tipped dart.
The curare-tipped dart hits you.
You are poisoned.
You have difficulty breathing.
* * * LOW HITPOINT WARNING * * *
You feel as though you will be slow longer.
You sock the kobold brigand! You burn the kobold brigand.
You kill the kobold brigand!
Okawaru accepts your kill.
You feel sick.
Your Fighting skill increases to level 7!
You feel sick.
The kobold brigand hits you but does no damage.
The kobold brigand is very cold.
The kobold brigand is moderately wounded.
Things that are here:
a +0 whip; a curare-tipped dart; a kobold corpse You sock the kobold brigand!
You claw the kobold brigand.
The kobold brigand is almost dead.
You feel sick. The kobold brigand barely misses you.
Okay, then.
You feel better.
The kobold brigand hits you but does no damage.
The kobold brigand is very cold.
You kill the kobold brigand!
Okawaru accepts your kill.
The two-headed ogre hits you with a +0 giant spiked club!!
* * * LOW HITPOINT WARNING * * *
The two-headed ogre is very cold.
The two-headed ogre is lightly wounded.
The two-headed ogre hits you with a +0 giant club!
You die...

#............
#...........#
#.###...##..#
#............
#####...##...
#............
#.########>..
#.# # ## #@#
.# ##O# ##.#
#.K###...#
#.#KK..#
#.#K..##
#.#.Z.#
#.#..8#
#.....'K
#.....'...


You could see a two-headed ogre, 3 kobolds and a kobold skeleton.

Vanquished Creatures
  Pikel (D:8)
  Joseph (D:7)
  Prince Ribbit (D:6)
  Grinder (D:4)
  Sigmund (D:4)
  5 yaks (D:9)
  Menkaure (D:4)
  Edmund (D:6)
  A water moccasin (D:6)
  Duvessa (D:7)
  An acid dragon (D:9)
  2 black bears
  3 orc warriors
  3 sky beasts
  3 ice beasts
  A centaur (D:8)
  6 kobold brigands
  A phantom (D:6)
  A necrophage (D:7)
  3 bullfrogs
  7 wights
  Dowan (D:7)
  9 killer bees
  A howler monkey (D:6)
  2 jellies
  3 orc priests
  Crazy Yiuf (D:3)
  A gnoll bouda (D:9)
  6 hounds
  Jessica (D:2)
  3 iguanas
  Ijyb (D:3)
  5 orc wizards
  3 adders
  9 gnolls
  3 shadow imps
  A white imp (D:6)
  A worm (D:4)
  4 dart slugs (D:2)
  28 orcs
  3 ball pythons
  6 endoplasms
  5 giant cockroaches
  7 goblins
  5 hobgoblins
  5 bats
  2 frilled lizards
  17 kobolds
  10 rats
188 creatures vanquished.

Vanquished Creatures (collateral kills)
  A jelly (D:5)
  A quokka (D:5)
2 creatures vanquished.

Grand Total: 190 creatures vanquished

Notes
Turn   | Place    | Note
-------+----------+-------------------------------------------
     0 | D:1      | theswoord the Demonspawn Gladiator began the quest for the
                  | Orb.
     0 | D:1      | Reached XP level 1. HP: 16/16 MP: 1/1
   171 | D:1      | Reached skill level 3 in Staves
   209 | D:1      | Gained mutation: You are partially covered in razor-sharp
                  | scales. (AC +1, Slay +1) [demonic ancestry]
   209 | D:1      | Reached XP level 2. HP: 20/22 MP: 2/2
  1051 | D:2      | Found Faton's Book Boutique.
  1062 | D:2      | Found Zicaon's Assorted Antiques.
  1111 | D:2      | Found Pelaam's Antique Armour Boutique.
  1141 | D:2      | Gained mutation: You regenerate magic rapidly. [demonic
                  | ancestry]
  1141 | D:2      | Reached XP level 3. HP: 22/27 MP: 3/3
  1207 | D:2      | Found Olapis's Magic Scroll Boutique.
  1212 | D:2      | Reached skill level 4 in Staves
  1314 | D:2      | Found a faded altar of an unknown god.
  1321 | D:2      | Found Ruorhim's Magic Scroll Boutique.
  1447 | D:2      | Noticed Jessica
  1453 | D:2      | Killed Jessica
  1770 | D:3      | Gained mutation: When hurt, damage is shared between your
                  | health and your magic reserves. [demonic ancestry]
  1770 | D:3      | Reached XP level 4. HP: 33/33 MP: 4/4
  2129 | D:3      | Reached skill level 5 in Staves
  2306 | D:3      | Noticed Ijyb
  2312 | D:3      | Killed Ijyb
  2313 | D:3      | Reached XP level 5. HP: 24/38 MP: 3/5
  2432 | D:3      | Found Obus's Jewellery Shoppe.
  2599 | D:3      | Found a runed translucent door.
  2600 | D:3      | Noticed Crazy Yiuf
  2686 | D:3      | Found an ornate altar of the Wu Jian Council.
  2687 | D:3      | Found a burning altar of Makhleb.
  2689 | D:3      | Found a hazy altar of Hepliaklqana.
  2748 | D:3      | Killed Crazy Yiuf
  2975 | D:4      | Noticed a black bear
  2984 | D:4      | Killed a black bear
  2985 | D:4      | Reached skill level 6 in Staves
  2985 | D:4      | Reached XP level 6. HP: 44/44 MP: 6/6
  3051 | D:4      | Noticed Sigmund
  3076 | D:4      | Killed Sigmund
  3077 | D:4      | Reached skill level 7 in Staves
  3421 | D:4      | Noticed Grinder
  3432 | D:4      | Killed Grinder
  3433 | D:4      | Reached XP level 7. HP: 42/50 MP: 7/7
  3636 | D:4      | Noticed Menkaure
  3642 | D:4      | Killed Menkaure
  3643 | D:4      | Reached skill level 8 in Staves
  3915 | D:5      | Entered Level 5 of the Dungeon
  3922 | D:5      | Gained mutation: Your muscles are strong. (Str +4, Int/Dex
                  | -1) [potion of mutation]
  3922 | D:5      | Gained mutation: You have sharp toenails. [potion of
                  | mutation]
  3922 | D:5      | Gained mutation: You are dopey. (Int -2) [potion of
                  | mutation]
  3922 | D:5      | Gained mutation: A frigid envelope surrounds you and
                  | freezes all who hurt you. [potion of mutation]
  4077 | D:5      | Found a sparkling altar of Nemelex Xobeh.
  4139 | D:5      | Found a snail-covered altar of Cheibriados.
  4269 | D:5      | Found a staircase to the Ecumenical Temple.
  4303 | Temple   | Entered the Ecumenical Temple
  4385 | Temple   | Became a worshipper of Warmaster Okawaru
  4522 | D:5      | Reached skill level 9 in Staves
  4522 | D:5      | Reached XP level 8. HP: 56/56 MP: 8/8
  5127 | D:6      | Noticed Prince Ribbit
  5141 | D:6      | Killed Prince Ribbit
  5141 | D:6      | Reached * piety under Okawaru
  5142 | D:6      | Reached skill level 10 in Staves
  5289 | D:6      | Noticed Edmund
  5297 | D:6      | Killed Edmund
  5822 | D:6      | Identified the +4 flail of the Chewing Gods {distort,
                  | Int+9}
  5857 | D:6      | Reached skill level 11 in Staves
  5857 | D:6      | Gained mutation: When low on magic, you restore magic in
                  | place of health. [demonic ancestry]
  5857 | D:6      | Reached XP level 9. HP: 51/62 MP: 5/9
  5925 | D:6      | Reached ** piety under Okawaru
  6286 | D:7      | Noticed Duvessa
  6290 | D:7      | Noticed Dowan
  6296 | D:7      | Killed Duvessa
  6306 | D:7      | Killed Dowan
  6500 | D:7      | Noticed Joseph
  6514 | D:7      | Killed Joseph
  6514 | D:7      | Reached *** piety under Okawaru
  6515 | D:7      | Reached skill level 12 in Staves
  6984 | D:7      | Reached skill level 5 in Fighting
  7226 | D:7      | Found Featur's Assorted Antiques.
  7376 | D:8      | Noticed Pikel
  7390 | D:8      | Killed Pikel
  7391 | D:8      | Gained mutation: You are mostly covered in razor-sharp
                  | scales. (AC +2, Slay +2) [demonic ancestry]
  7391 | D:8      | Reached XP level 10. HP: 70/75 MP: 8/10
  7708 | D:8      | Found a hide-covered altar of Uskayaw.
  7965 | D:8      | Reached **** piety under Okawaru
  8004 | D:8      | Reached skill level 13 in Staves
  8414 | D:9      | Noticed a two-headed ogre
  8433 | D:9      | Slain by a two-headed ogre

Skill      XL: |  1  2  3  4  5  6  7  8  9 10 |
---------------+-------------------------------+-----
Staves         | 3 4 5 6 7 9 11 12 13 | 13.5
Fighting       | 5 7 |  7.0
Throwing       | |  1.7
Dodging        | |  2.6

Action                   |  1- 3 |  4- 6 |  7- 9 | 10-12 || total
-------------------------+-------+-------+-------+-------++-------
Melee: Quarterstaff      |    82 |   118 |   185 |   108 ||   493
       Kick              |       |       |    50 |    36 ||    86
Throw: Throwing net      |       |     2 |     2 |       ||     4
Invok: Heroism           |       |       |     1 |       ||     1
  Use: Scroll            |       |       |    18 |     1 ||    19
       Potion            |       |       |     2 |     1 ||     3
 Stab: Sleeping          |     1 |       |       |       ||     1
       Held in net/web   |       |     2 |     1 |       ||     3
       Paralysed         |       |       |     1 |       ||     1
       Petrified         |       |       |       |     2 ||     2
       Petrifying        |       |       |       |     1 ||     1
Armor: Leather armour    |    28 |     6 |       |       ||    34
       Scale mail        |       |    50 |    44 |       ||    94
       Skin              |       |       |    14 |       ||    14
       Plate armour      |       |       |     7 |    58 ||    65
Dodge: Dodged            |    56 |    44 |    57 |    17 ||   174

Levels and vault maps discovered:
D:1:      amcnicky_arrival_choice, layout_basic,
          nicolae_concentric_dashed_squares_mild
D:2:      layout_basic, nicolae_ecumenical_lake_church, serial_shops,
          nicolae_shop_crystal, shop,
          nicolae_shop_temple_entry_statues_fountains, nicolae_shop_crystal,
          nicolae_square_shop, uniq_jessica
D:3:      layout_rooms, minitemple, serial_shops, shop, uniq_crazy_yiuf_cottage,
          uniq_ijyb
D:4:      layout_loops_ring, kennysheep_generic_room_12, uniq_sigmund,
          uniq_menkaure, uniq_grinder
D:5:      layout_basic, amcnicky_altar_gilded, kennysheep_little_box,
          minmay_temple_entry_trees, minmay_misc_feat_chi
D:6:      layout_basic, kennysheep_generic_room_8, uniq_prince_ribbit1,
          uniq_edmund
D:7:      layout_cave_pools, serial_shops, nicolae_take_the_stairs,
          minmay_crossroads, uniq_joseph, uniq_duvessa
D:8:      layout_basic, nicolae_uskayaw_dance_studio, uniq_pikel
D:9:      wander_kiku_kobolds, layout_loops_ring
Temple:   compressed_dpeg_triangle_lava_temple
